Map: Lightshade LE

Players

Azure

  • Race: Terran Terran
  • League: Grandmaster
  • Spawn Location: 11:00

MèoMáiKà (MeomaikA) - Winner!

  • Race: Zerg Zerg
  • League: Grandmaster
  • Spawn Location: 5:00

Event: DreamHack SC2 Masters 2020 Winter

VOD

Have the link to the VOD?

Description

Time

  • Played on: Oct. 21, 2020, 7:17 a.m.
  • Length: 6:54

All games in this series

Show
View Real Time Build Order
Export as new Build Order

Azure Terran 

Build Orders: Hellion Opening, Reaper Expand 

Get SALT Encoding   

  12  0:00  SCV  
  13  0:12  SCV  
  14  0:17  Supply Depot  
  14  0:24  SCV  
  15  0:38  SCV  
  15  0:40  Barracks  
  16  0:44  Refinery  
  16  0:51  SCV  
  17  1:03  SCV  
  18  1:15  SCV  
  19  1:27  Reaper  
  19  1:28  Orbital Command  
  20  1:41  Command Center  
  20  1:53  SCV  
  21  1:59  Marine  
  21  2:00  Supply Depot  
  22  2:06  SCV  
  23  2:11  Factory  
  23  2:18  Refinery  
  23  2:21  Barracks Reactor  
  23  2:22  SCV  
  24  2:34  SCV  
  25  2:46  SCV  
  26  2:53  Orbital Command  
  26  2:56  Starport  
  26  2:58  SCV  
  26  3:03  Hellion x2  
  31  3:10  SCV  
  32  3:14  Barracks Tech Lab  
  32  3:18  SCV  
  33  3:23  SCV  
  33  3:25  Hellion x2  
  33  3:26  Supply Depot  
  38  3:31  SCV  
  39  3:35  SCV  
  40  3:42  Viking  
  40  3:43  SCV  
  40  3:47  SCV  
  44  3:50  Supply Depot  
  44  3:54  Hellion x2  
  44  3:55  SCV  
  49  3:59  SCV  
  50  4:09  SCV  
  51  4:15  Hellion x2  
  53  4:17  SCV  
  53  4:18  Medivac  
  53  4:21  SCV  
  53  4:22  Supply Depot  
  54  4:26  Armory  
  54  4:29  SCV  
  55  4:33  SCV  
  56  4:40  Hellion x2  
  56  4:41  SCV  
  62  4:45  SCV, Supply Depot  
  62  4:47  Supply Depot  
  62  4:53  SCV  
  62  4:57  SCV  
  62  4:59  Liberator  
  67  5:01  Hellion  
  67  5:05  SCV  
  70  5:07  Hellion  
  70  5:09  SCV  
  70  5:10  Barracks Tech Lab  
  70  5:14  Command Center  
  73  5:18  SCV  
  73  5:22  SCV, Hellion  
  68  5:31  SCV  
  68  5:34  SCV  
  66  5:38  Hellion  
  66  5:42  Liberator  
  69  5:43  SCV  
  69  5:45  Orbital Command  
  63  5:51  Supply Depot  
  39  6:12  SCV  
  39  6:13  Hellion  
  45  6:18  Marauder  
  45  6:24  SCV  
  37  6:37  SCV  
Show
View Real Time Build Order
Export as new Build Order

MèoMáiKà Zerg - Winner!

Build Orders: Pool First 

Get SALT Encoding   

  12  0:00  Drone  
  13  0:08  Drone  
  14  0:16  Overlord  
  14  0:23  Extractor  
  14  0:24  Drone  
  15  0:34  Drone x2  
  17  0:43  Spawning Pool  
  17  0:47  Drone  
  17  1:08  Hatchery  
  17  1:10  Drone  
  17  1:12  Extractor  
  17  1:15  Drone  
  17  1:18  Drone  
  18  1:29  Queen  
  18  1:31  Zergling x2  
  21  1:37  Drone  
  22  1:48  Overlord  
  22  2:06  Queen  
  22  2:07  Drone  
  25  2:10  Drone  
  26  2:17  Metabolic Boost  
  26  2:20  Drone x2  
  28  2:31  Drone x2  
  30  2:38  Drone x2  
  30  2:39  Drone  
  33  2:45  Hatchery  
  33  2:49  Overlord  
  32  2:53  Drone  
  32  2:55  Drone  
  34  3:10  Drone x4  
  34  3:11  Drone  
  39  3:14  Lair  
  39  3:17  Drone  
  39  3:18  Drone  
  41  3:21  Drone  
  41  3:24  Extractor  
  41  3:26  Drone  
  42  3:31  Drone  
  42  3:33  Roach Warren  
  42  3:34  Drone  
  42  3:35  Drone  
  44  3:44  Overlord  
  44  3:49  Overlord  
  44  3:53  Zergling x2, Extractor  
  44  3:57  Zergling x4  
  44  3:59  Zergling x4  
  45  4:13  Roach x3, Glial Reconstitution  
  45  4:14  Roach x2  
  54  4:17  Roach  
  54  4:19  Roach  
  54  4:22  Roach  
  54  4:23  Drone  
  60  4:24  Drone  
  60  4:30  Drone  
  60  4:31  Drone x2  
  64  4:36  Overlord  
  63  4:41  Overlord  
  63  4:51  Overlord x2  
  63  4:57  Overseer  
  67  5:00  Roach x4  
  67  5:01  Zergling x2  
  67  5:02  Zergling x2  
  73  5:13  Zergling x8  
  77  5:14  Zergling x2  
  77  5:15  Zergling x6  
  77  5:17  Zergling x2  
  83  5:21  Zergling x2  
  83  5:22  Zergling x2  
  84  5:31  Overlord  
  84  5:32  Overlord  
  83  5:36  Zergling x2  
  83  5:37  Zergling x4  
  83  5:41  Zergling x2  
  81  5:49  Zergling x4  
  79  5:50  Drone  
  79  5:51  Drone x2  
  79  5:53  Roach  
  79  5:56  Roach  
  79  6:01  Roach  
  79  6:02  Roach  
  80  6:05  Drone  
  81  6:11  Drone  
  81  6:16  Roach x2  
  80  6:18  Overlord  
  80  6:23  Drone  
  77  6:28  Roach  
  77  6:30  Drone  
  80  6:33  Drone  
Tags
 
Add a new tag
Caveats
  • Supply blocks, unpowered buildings, or Contaminate may cause inaccurate times.
  • Supply counts are checked every 10 seconds.